 Dungeon Crawl Stone Soup version 0.18-a0-1643-gb89d9db (webtiles) character file.

1199524 M4edhros the Evocator (level 27, -3/197 (199) HPs)
             Began as an Octopode Fighter on Mar 27, 2016.
             Was the Champion of Dithmenos.
             Killed from afar by a hellion (23 damage)
             ... with a damnation
             ... created by the player character
             ... on level 7 of Cocytus on Mar 29, 2016.
             The game lasted 09:50:30 (96434 turns).

M4edhros the Evocator (Octopode Fighter)           Turns: 96434, Time: 09:50:31

HP:   -3/197 (199)  AC: 15    Str: 16    XL:     27
MP:   0/59          EV: 37    Int: 21    God:    Dithmenos [******]
Gold: 7796          SH: 33    Dex: 30    Spells: 12 memorised, 8 levels left

rFire  + + .     SeeInvis +     k - +8 quick blade (pierce)
rCold  + + +     Gourm    .     c - +5 large shield of the First Snow {rElec Regen+ MP+9}
rNeg   + . .     Faith    .     T - +3 hat of Pondering {ponderous, MR+ MP+10 Int+5}
rPois  +         Spirit   +     y - amulet of Tioruz {Spirit Fragile rElec Str+2 Slay+6} (curse)
rElec  +         Dismiss  .     B - +5 ring of slaying
rCorr  +         Reflect  .     e - ring "Jyistrow" {+Blink rElec Int-4 Slay+4 Stlth-} (curse)
SustAt .         Harm     .     S - +6 ring of slaying
MR     +++..                    n - ring of protection from cold
Stlth  ++++++++++               w - +6 ring of dexterity
                                U - ring of Pokleati {rPois rF+ rC+ Int+3 Stlth+}
                                Q - ring of Robustness {AC+8}
                                E - ring "Foopnen" {rPois rN+ Dex+3 SInv}

@: resistant, very slightly contaminated, regenerating, wreathed by umbra,
deflect missiles, drained, slow, extremely resistant to hostile enchantments,
uncannily stealthy
A: almost no armour, amphibious, 8 rings, constrict 8, tentacle spike 2, icy
blue scales 1, large bone plates 1, camouflage 1, blurry vision 1, clever 2,
weak 1, gelatinous body 1
a: Shadow Step, Shadow Form, Renounce Religion, Evoke Blink
}: 12/15 runes: barnacled, silver, iron, obsidian, bone, abyssal, demonic,
glowing, magical, fiery, dark, gossamer


You were on level 7 of Cocytus.
You worshipped Dithmenos.
Dithmenos was exalted by your worship.
You were near starving.

You visited 16 branches of the dungeon, and saw 83 of its levels.
You visited Pandemonium 3 times, and saw 22 of its levels.
You visited the Abyss 3 times.
You also visited: Labyrinth, Sewer, Bailey and Ice Cave.

You collected 30389 gold pieces.
You spent 7718 gold pieces at shops.
You paid 14875 gold pieces to Gozag.

Inventory:

Hand Weapons
 b - the +3 greatsling of Gyixkukh {freeze, rElec rN+ SInv}
   (You found it on level 13 of the Dungeon)

   It causes projectiles fired from it to freeze those they strike, causing
   extra injury to most foes and up to half again as much damage against
   particularly susceptible opponents.
   They can also slow down cold-blooded creatures.
   It insulates you from electricity.
   It protects you from negative energy.
   It lets you see invisible.
 k - a +8 quick blade of piercing (weapon)
 J - the +4 Staff of Dispater
   (You took it off Dispater on level 7 of the Iron City of Dis)
 R - the +7 Sceptre of Asmodeus
   (You took it off Asmodeus on level 7 of Gehenna)
Missiles
 r - 10 steel sling bullets
 x - 467 sling bullets
Armour
 c - the +5 large shield of the First Snow (worn) {rElec Regen+ MP+9}
   (You took it off Mennas in Pandemonium)

   It insulates you from electricity.
   It affects your magic capacity (+9).
   It increases your rate of regeneration.
 T - the +3 hat of Pondering (worn) {ponderous, MR+ MP+10 Int+5}
   (You bought it in a shop on level 1 of the Depths)

   It affects your intelligence (+5).
   It affects your resistance to hostile enchantments.
   It affects your magic capacity (+10).
Rods
 H - a +6 rod of shadows (3/16)
   (You found it in Pandemonium)
 I - a +8 rod of inaccuracy (3/16)
   (You took it off an orc knight on level 5 of the Vaults)
Jewellery
 e - the cursed ring "Jyistrow" (right tentacle) {+Blink rElec Int-4 Slay+4 Stlth-}
   (You bought it in a shop on level 11 of the Dungeon)

   [ring of loudness]

   It affects your intelligence (-4).
   It affects your accuracy and damage with ranged weapons and melee attacks
   (+4).
   It insulates you from electricity.
   It lets you blink.
   It makes you less stealthy.
   It has a curse placed upon it.
 n - a ring of protection from cold (on tentacle)
 t - the ring of the Gloaming {+Fly rPois rF+ Dex+4 Stlth+}
   (You bought it in a shop on level 9 of the Dungeon)

   [ring of protection from fire]

   It affects your dexterity (+4).
   It protects you from fire.
   It protects you from poison.
   It lets you fly.
   It makes you more stealthy.
 w - a +6 ring of dexterity (on tentacle)
 y - the cursed amulet of Tioruz (around mantle) {Spirit Fragile rElec Str+2 Slay+6}
   (You bought it in a shop on level 1 of the Lair of Beasts)

   [amulet of guardian spirit]

   It causes incoming damage to be split between your health and magic.
   It affects your strength (+2).
   It affects your accuracy and damage with ranged weapons and melee attacks
   (+6).
   It insulates you from electricity.
   It will be destroyed if unequipped.
   It has a curse placed upon it.
 B - a +5 ring of slaying (left tentacle)
 E - the ring "Foopnen" (on tentacle) {rPois rN+ Dex+3 SInv}
   (You found it on level 3 of the Crypt)

   [ring of positive energy]

   It affects your dexterity (+3).
   It protects you from poison.
   It protects you from negative energy.
   It lets you see invisible.
 Q - the ring of Robustness (on tentacle) {AC+8}
   (You found it on level 3 of the Elven Halls)

   [ring of protection]

   It affects your AC (+8).
 S - a +6 ring of slaying (on tentacle)
 U - the ring of Pokleati (on tentacle) {rPois rF+ rC+ Int+3 Stlth+}
   (You found it on level 12 of the Dungeon)

   [ring of protection from cold]

   It affects your intelligence (+3).
   It protects you from fire.
   It protects you from cold.
   It protects you from poison.
   It makes you more stealthy.
Wands
 m - a wand of teleportation (2/9)
 D - a wand of digging (5/24)
 V - a wand of teleportation (8/9)
 W - a wand of disintegration (5/24)
 X - a wand of acid (8/15)
Scrolls
 p - 4 scrolls of blinking
 s - 3 scrolls of magic mapping
 K - 4 scrolls of fear
 L - 6 scrolls of teleportation
 P - 6 scrolls of fog
Potions
 a - a potion of magic
 i - 2 potions of cancellation
 u - 7 potions of might
 A - 4 potions of resistance
 G - 3 potions of agility
 Z - 12 potions of curing
Books
 F - Noqet's Collected Works on Floating Augmentations
   (You found it on level 7 of the Iron City of Dis)

   Spells                             Type                      Level
   a - Swiftness                      Charms/Air                   2
   b - Song of Slaying                Charms                       2
   c - Warp Weapon                    Charms/Translocation         5
   d - Deflect Missiles               Charms/Air                   6
Miscellaneous
 g - 4 phantom mirrors
 h - a sack of spiders {used: 1}
 j - a disc of storms
 l - a box of beasts
 v - a fan of gales (inert)
 z - a phial of floods (inert)
 C - the horn of Geryon (inert)
Comestibles
 d - 9 bread rations
 N - 7 beef jerkies
 O - 52 fruits


   Skills:
 - Level 19.6(19.4) Fighting
 - Level 18.8(18.7) Short Blades
   Level 16.0(15.8) Maces & Flails
   Level 6.7(6.6) Polearms
 - Level 14.9(14.7) Slings
 + Level 22.8(22.7) Dodging
 + Level 24.1(24.0) Stealth
 - Level 25.2(25.1) Shields
 * Level 13.0(12.9) Spellcasting
 - Level 5.8(5.6) Hexes
 - Level 19.0(18.8) Charms
 - Level 10.5(10.4) Summonings
 - Level 6.9(6.8) Necromancy
 + Level 14.9(14.8) Translocations
 - Level 11.0(10.8) Air Magic
 - Level 5.5(5.4) Poison Magic
 - Level 15.4(15.2) Invocations
 + Level 26.9(26.7) Evocations


You had 8 spell levels left.
You knew the following spells:

 Your Spells              Type           Power        Failure   Level  Hunger
a - Song of Slaying       Chrm           #######.     0%          2    None
b - Shroud of Golubria    Chrm/Tloc      ######....   0%          2    None
c - Regeneration          Chrm/Necr      ######....   1%          3    None
d - Spectral Weapon       Hex/Chrm       ######..     1%          3    None
e - Summon Lightning Spi  Summ/Air       ######..     1%          4    None
f - Ozocubu's Armour      Chrm/Ice       ######..     1%          3    None
g - Haste                 Chrm           #######.     1%          6    #####..
h - Deflect Missiles      Chrm/Air       ######....   1%          6    #####..
i - Mephitic Cloud        Conj/Pois/Air  #####...     1%          3    None
j - Summon Forest         Summ/Tloc      ######....   1%          5    ####...
k - Swiftness             Chrm/Air       ######..     0%          2    None
l - Warp Weapon           Chrm/Tloc      ######....   1%          5    ####...


Dungeon Overview and Level Annotations

Branches:
Dungeon (15/15)            Temple (1/1) D:7            Lair (8/8) D:11
 Shoals (4/4) Lair:4       Spider (4/4) Lair:5        Slime (0/6) Lair:7
    Orc (2/2) D:12            Elf (3/3) Orc:2        Vaults (5/5) D:13
  Crypt (3/3) Vaults:2       Tomb (0/3) Crypt:3      Depths (5/5) D:15
   Hell (1/1)                 Dis (7/7) Hell            Geh (7/7) Hell
    Coc (7/7) Hell            Tar (7/7) Hell            Zot (5/5) Depths:5

Altars:
Ashenzari
Cheibriados
Dithmenos
Fedhas
Gozag
Makhleb
Ru
Sif Muna
Trog
Vehumet
Xom
Yredelemnul
The Shining One
Beogh

Shops:
D:4 *   D:6 [   D:7 %   D:9 =   D:11 =   D:12 *=   Orc:2 [*(=   Elf:2 ![?:
Elf:3 ([   Lair:1 =   Vaults:4 =!*[=   Depths:1 [

Portals:
Hell: Lair:8 Depths:1 Depths:2 Depths:3 Depths:4 Depths:5
Abyss: Depths:1 Depths:3 Depths:4
Pandemonium: Depths:2 Depths:3 Depths:4 Depths:5
Ziggurat: Depths:2

Annotations:
D:3 M4edhros's ghost, weakling OpFi
Elf:2 2 runed doors
Depths:5 exclusion: deep elf high priest
Coc:7 Antaeus


Innate Abilities, Weirdness & Mutations

You cannot wear most types of armour.
You are amphibious.
You can wear up to eight rings at the same time.
You can use your tentacles to constrict eight enemies at once.
Your skin changes colour to match your surroundings (Stealth).
Your rubbery body absorbs attacks (AC +1).
One of your tentacles bears a nasty spike.
You are partially covered in icy blue scales (AC +1).
You are partially covered in large bone plates (AC +2, SH +2).
Scrolls take you a little longer to read.
Your mind is very acute. (Int +4)
You are weak. (Str -2)


Message History

Okay, then.
Drink which item? (? for menu, Esc to quit)
Okay, then.
Read which item? (? for menu, Esc to quit)
Really read with blurry vision while enemies are nearby?
The sun demon hits your hell beast.
Your hell beast is engulfed in flames!
Your hell beast bites the sun demon!
Your hell beast tramples the sun demon!
The sun demon holds its ground!
The sun demon dies!
Your hell beast bites Antaeus.
Your hell beast tramples Antaeus.
Antaeus holds his ground!
Antaeus barely misses your hell beast.
Antaeus hits your hell beast with an iridescent great sword {elec}!!
Antaeus freezes your hell beast!!!
Your hell beast dies!
Antaeus screams, "I will devour thy lungs!"
The sun demon shouts!
You begin reading the scroll.
You continue reading the scroll.
The hellion gestures at you.
The damnation unfurls!
The damnation engulfs you!
You die...

≈≈≈≈≈≈###**,,*#..#####≈≈≈≈≈≈≈..#.
≈≈≈≈((#,,,*+**##'#?(.#≈≈≈≈≈≈...##
.≈≈≈≈≈#,,,+,####.':[.#≈≈≈≈≈≈...##
)≈(≈≈≈##,,*##≈≈###"(##≈≈≈≈≈....##
.)≈≈≈≈≈#####≈≈≈≈#####≈≈≈≈≈....##.
.)..§≈≈≈≈≈≈≈≈≈≈≈≈≈≈≈≈≈≈≈.....##..
.......≈≈≈≈≈≈≈2≈≈≈≈≈≈.......##...
#...§...≈≈≈≈≈Z2≈≈..........##....
##...⌠..≈≈≈≈2.3.@.....⌠...##....≈
.##.....≈≈≈≈EC22.........##....≈≈
..########################....≈≈.
...######################....≈≈..
............................≈≈...
≈..)..))...................≈≈...#
≈≈≈≈≈≈≈≈≈≈≈≈≈≈≈≈≈≈≈≈≈≈≈≈≈≈≈≈...##
.≈≈≈≈≈≈≈≈≈≈≈≈≈≈≈≈≈≈≈≈≈≈≈≈≈≈...##.
..≈≈≈≈≈≈≈≈≈≈≈≈≈≈≈≈≈≈≈≈≈≈≈≈...##..


You could see Antaeus, a balrug, a blizzard demon, a sun demon, a hellion, an
air elemental, a titan zombie and 2 friendly hell beasts.

Vanquished Creatures
  Cerebov (Pan)
  Asmodeus (Geh:7)
  Ereshkigal (Tar:7)
  Gloorx Vloq (Pan)
  Lom Lobon (Pan)
  Mnoleg (Pan)
  the Serpent of Hell (Tar:7)
  Dispater (Dis:7)
  2 ancient liches
  Mennas (Pan)
  8 pandemonium lords (Pan)
  12 shard shrikes
  Norris (Elf:3)
  9 iron giants
  Frederick (Depths:3)
  2 Killer Klowns (Zot:4)
  2 curse toes
  5 caustic shrikes (Depths:2)
  Saint Roka (Vaults:5)
  11 golden dragons
  Nikola (Elf:1)
  Geryon (Hell)
  Xtahua (Vaults:2)
  23 Tzitzimimeh
  16 bone dragons
  4 doom hounds
  6 electric golems
  A hellephant (Pan)
  19 tentacled monstrosities
  19 Brimstone Fiends
  The ghost of namnharef the Severer, an adept HOFi of Pakellas (Spider:4)
  7 Hell Sentinels
  14 liches
  17 Ice Fiends
  3 Orb Guardians (Zot:5)
  3 deep elf blademasters (Elf:3)
  5 quicksilver dragons
  A deep elf master archer (Elf:3)
  15 titans
  Frances (Spider:1)
  2 krakens
  A tentacled starspawn (Abyss:3)
  6 ancient champions
  5 sphinxes
  12 Executioners
  4 death cobs
  Kirke (Spider:4)
  Polyphemus (Shoals:4)
  An eldritch tentacle (Coc:7)
  13 shadow dragons
  9 draconian monks
  18 storm dragons
  8 tengu reavers
  Wiglaf (Spider:3)
  2 draconian scorchers
  8 iron dragons
  Maud (D:10)
  38 balrugs
  13 vault wardens
  5 ghost moths
  2 orc warlords (Orc:1)
  14 fire giants
  4 draconian knights
  5 curse skulls
  9 deep elf sorcerers
  8 frost giants
  24 cacodemons
  7 warmongers (Pan)
  3 draconian shifters
  2 angels (Pan)
  11 ghouls
  3 draconian zealots (Zot:1)
  8 deep elf elementalists (Elf:3)
  3 spriggan defenders
  9 emperor scorpions
  8 draconian annihilators
  14 ironheart preservers
  33 very ugly things
  An elemental wellspring (Coc:7)
  75 reapers
  34 stone giants
  6 blood saints (Pan)
  23 war gargoyles
  4 draconian callers
  8 corrupters (Pan)
  14 salamander stormcallers
  11 vampire knights
  5 chaos champions (Pan)
  12 black draconians
  8 black suns (Pan)
  10 lorocyprocas
  16 green draconians
  7 deep elf demonologists
  12 deep elf annihilators
  10 spark wasps
  16 mottled draconians
  10 red draconians
  8 white draconians
  7 yellow draconians
  9 deep elf death magi
  10 purple draconians
  Snorg (Lair:7)
  The ghost of syage the Cleaver, a journeyman MiFi of Okawaru (IceCv)
  A crystal guardian (Vaults:4)
  3 dire elephants
  4 eidola
  21 blizzard demons
  6 merfolk javelineers
  9 green deaths (Pan)
  11 ettins
  28 vault guards
  3 jiangshi
  6 deep elf high priests
  The ghost of M4edhros the Covert, a journeyman OpFi of Gozag (Lair:5)
  2 merfolk impalers (Shoals:4)
  A minotaur (Lab)
  Josephine (Lair:6)
  3 quicksilver dragon zombies
  14 yaktaur captains
  Harold (Lair:2)
  4 hell beasts
  4 kraken zombies
  34 fire dragons
  16 monstrous demonspawn (Pan)
  5 entropy weavers
  Fannar (D:10)
  10 hydras
  6 rakshasas
  5 spriggan air magi
  14 centaur warriors
  A ghost crab (Tar:4)
  36 ice dragons
  3 quicksilver dragon skeletons
  2 catoblepae
  13 great orbs of eyes
  3 alligator snapping turtles
  5 death knights
  8 merfolk aquamancers
  4 satyrs
  5 merfolk avatars
  7 ogre magi
  9 deep troll earth magi
  2 death yaks (Shoals:4)
  3 tengu warriors
  9 deep troll shamans
  9 spriggan berserkers
  5 thrashing horrors (Abyss:3)
  5 titan zombies
  A queen ant (Lair:3)
  A dancing weapon (Dis:2)
  9 orc high priests
  A shock serpent (Abyss:3)
  9 hell hogs
  31 hell knights
  9 vampire magi
  30 soul eaters
  The ghost of bl4d3 the Thaumaturge, a novice GrEE of Vehumet (D:9)
  14 deep elf knights
  133 skeletal warriors
  59 sun demons
  6 iron golems
  A wretched star (Abyss:3)
  Sonja (Lair:2)
  6 wizards
  2 spark wasp zombies
  7 titan skeletons
  3 fire crabs
  6 shadow wraiths
  2 storm dragon zombies
  8 death scarabs (Spider:4)
  4 unseen horrors
  12 iron trolls
  5 giant orange brains
  2 salamander mystics
  8 anaconda zombies
  5 death drakes (Depths:5)
  11 shadow demons
  35 deep trolls
  An unseen horror (shapeshifter) (Vaults:2)
  A swamp dragon (shapeshifter) (Vaults:5)
  2 golden dragon zombies
  11 sea snakes
  7 storm dragon skeletons
  A death drake (shapeshifter) (Depths:4)
  10 infernal demonspawn
  An obsidian statue (Depths:1)
  11 flayed ghosts
  6 ironbrand convokers
  19 phantasmal warriors
  21 deep elf archers
  9 gelid demonspawn (Pan)
  4 spectral wolf spiders (Spider:4)
  5 golden dragon skeletons
  5 shadow dragon zombies
  5 wolf spider zombies
  10 necromancers
  8 putrid demonspawn (Pan)
  3 iron dragon zombies
  9 hill giants
  22 harpies
  27 orb spiders
  8 orc sorcerers
  36 wolf spiders
  4 lindwurms
  2 lindwurms (shapeshifter)
  60 deep elf magi
  20 orc knights
  75 ugly things
  11 torturous demonspawn (Pan)
  2 stone giant zombies (Dis:7)
  6 cyclopes
  A faun (shapeshifter) (Depths:3)
  9 anaconda skeletons
  10 griffons
  A human zombie (Vaults:3)
  A wolf spider (shapeshifter) (Elf:3)
  11 manticores
  An oklob plant (Shoals:4)
  26 fauns
  2 shadow dragon skeletons
  A griffon (shapeshifter) (Abyss:3)
  10 hornets
  A shining eye (shapeshifter) (Vaults:5)
  14 salamanders
  A hornet (shapeshifter) (Elf:1)
  8 fire giant zombies
  A cyclops (shapeshifter) (Elf:3)
  25 sixfirhies (Pan)
  4 iron dragon skeletons
  An octopode (shapeshifter) (Depths:1)
  A hell hog skeleton (Crypt:1)
  4 centaur zombies
  A shock serpent zombie (Tar:7)
  5 frost giant skeletons
  17 frost giant zombies
  2 ice statues (IceCv)
  11 sirens
  19 vault sentinels
  4 fire giant skeletons
  21 moths of wrath
  7 stone giant skeletons
  4 black mambas
  17 elephants
  26 orange demons
  27 rust devils
  33 smoke demons
  6 water nymphs
  4 emperor scorpion zombies
  10 molten gargoyles (Geh:7)
  Psyche (D:8)
  6 gargoyles
  5 titan simulacra (Coc:7)
  29 hellions
  6 dire elephant zombies
  6 storm dragon simulacra (Coc:7)
  3 shock serpent skeletons
  21 spiny frogs
  2 kobold demonologists
  5 torpor snails
  11 efreet
  8 dire elephant skeletons
  3 centaur skeletons
  4 rime drakes
  A spectral redback (Spider:4)
  33 tormentors
  An elf zombie (Depths:4)
  2 komodo dragons (shapeshifter)
  13 komodo dragons
  4 tengu conjurers
  40 ice devils
  3 anaconda simulacra (Coc:7)
  21 hellwings
  2 redback zombies (Spider:4)
  41 yaktaurs
  An ancient zyme (Abyss:3)
  29 demonic crawlers
  34 freezing wraiths
  32 merfolk
  3 harpy zombies
  5 silent spectres
  18 hydra zombies
  54 red devils
  2 trolls (shapeshifter)
  3 polar bears
  A queen bee (D:13)
  4 wind drakes
  31 jumping spiders
  A jumping spider (shapeshifter) (D:15)
  A wolf spider simulacrum (Coc:1)
  A death drake zombie (Crypt:1)
  A spectral jumping spider (Spider:4)
  10 trolls
  5 hydra skeletons
  2 spectral tarantellas (Spider:4)
  A two-headed ogre (shapeshifter) (Depths:2)
  3 harpy skeletons
  12 two-headed ogres
  21 blink frogs
  A raiju (shapeshifter) (Vaults:3)
  A hornet zombie (Spider:4)
  4 boulder beetles
  5 tarantella zombies (Spider:4)
  A shadow dragon simulacrum (Coc:7)
  A blink frog (shapeshifter) (Vaults:3)
  A deep troll zombie (Hell)
  2 spriggan zombies
  7 alligator zombies
  5 ettin zombies
  25 slime creatures
  2 jumping spider zombies (Spider:4)
  A centaur simulacrum (D:14)
  7 snapping turtles
  A black mamba zombie (Dis:1)
  8 fire dragon zombies
  4 ice dragon zombies
  80 flying skulls
  79 redbacks
  A vampire (D:13)
  35 tarantellas
  10 starcursed masses (Abyss:3)
  37 ynoxinuls (Pan)
  11 ettin skeletons
  8 ice dragon skeletons
  A salamander simulacrum (Vaults:3)
  A black mamba skeleton (Geh:5)
  15 water elementals
  15 air elementals
  9 wyverns
  Sigmund (D:4)
  41 shadows
  7 fire dragon skeletons
  2 spriggans (Depths:3)
  31 wraiths
  14 fire elementals
  An alligator skeleton (Coc:1)
  2 fire bats (shapeshifter)
  A basilisk (shapeshifter) (Depths:2)
  2 fire bats (Abyss:3)
  A human (Spider:4)
  33 yaks
  6 basilisks
  A golden eye (shapeshifter) (Depths:2)
  3 steam dragons
  21 chaos spawn
  20 hippogriffs
  4 hungry ghosts
  31 neqoxecs (Pan)
  4 hogs (Spider:4)
  2 human simulacra
  16 vampire mosquitoes
  3 small abominations (Abyss:3)
  36 large abominations
  A wind drake skeleton (Crypt:1)
  A yaktaur simulacrum (Vaults:2)
  8 wargs
  3 mottled dragons
  21 soldier ants
  9 spiny frog zombies
  A merfolk skeleton (Crypt:3)
  15 water moccasins
  A hell hound (shapeshifter) (Abyss:3)
  13 porcupines
  A gelid demonspawn skeleton (Crypt:1)
  2 swamp dragon zombies
  8 ice beasts
  3 snapping turtle zombies
  63 hell hounds
  A manticore zombie (Geh:7)
  4 sky beasts
  A black bear (shapeshifter) (Vaults:4)
  52 orc warriors
  A fire dragon simulacrum (Coc:6)
  2 phantoms (D:5)
  A black bear (Abyss:3)
  4 spiny frog skeletons
  A tengu (shapeshifter) (Vaults:5)
  6 wasps
  An alligator simulacrum (Coc:2)
  A swamp drake (Depths:5)
  17 necrophages
  27 boggarts
  An ettin simulacrum (Coc:7)
  19 ogres
  7 wolves
  28 centaurs
  10 crocodiles
  A snapping turtle skeleton (Coc:6)
  A swamp dragon skeleton (Tar:5)
  16 big kobolds
  21 giant frogs
  3 earth elementals
  10 gnoll sergeants
  4 human skeletons
  A spiny frog simulacrum (Hell)
  A water moccasin zombie (Crypt:1)
  An ogre simulacrum (Vaults:1)
  A salamander skeleton (Crypt:3)
  A scorpion (D:10)
  A troll skeleton (Crypt:3)
  42 killer bees
  47 wights
  14 howler monkeys
  A raiju skeleton (Crypt:1)
  4 electric eels
  18 crimson imps
  2 giant frog zombies
  15 jellies
  A quasit (D:11)
  A hound (shapeshifter) (Depths:3)
  A two-headed ogre zombie (Crypt:3)
  6 hounds
  6 gnoll shamans (Bailey)
  17 orc priests
  A basilisk skeleton (Crypt:1)
  2 giant frog skeletons
  28 iron imps
  6 iguanas
  25 orc wizards
  31 worker ants
  A boulder beetle simulacrum (Vaults:2)
  34 sheep
  2 tengu skeletons
  4 mummies
  2 hound skeletons
  25 gnolls
  84 river rats
  10 adders
  A howler monkey skeleton (D:8)
  7 shadow imps
  20 white imps
  5 oozes
  3 ufetubi (IceCv)
  An adder zombie (Crypt:3)
  4 adder skeletons
  4 worms (D:6)
  2 dart slugs
  8 giant geckos
  111 orcs
  9 bats
  6 giant cockroaches
  5 goblins
  10 hobgoblins
  15 jackals
  2 quokkas
  A river rat zombie (Crypt:1)
  A ball python (D:1)
  A giant gecko skeleton (D:6)
  4 giant newts
  3 jackal skeletons
  30 kobolds
  2 kobold zombies
  An orc skeleton (Tar:1)
  2 orc zombies
  A quokka skeleton (D:7)
  8 rats
  A fire vortex (Geh:7)
  6 lost souls
  9 plants
  A tentacle (Hell)
  A tentacle segment (Coc:6)
4707 creatures vanquished.

Vanquished Creatures (collateral kills)
  A sphinx (Vaults:5)
  A frost giant (Vaults:5)
  A deep elf elementalist (Elf:3)
  A deep elf annihilator (Elf:3)
  A yaktaur captain (Depths:3)
  An alligator snapping turtle (Shoals:2)
  2 deep troll shamans (Depths:3)
  An iron giant skeleton (Crypt:3)
  A deep troll (Depths:3)
  An ironbrand convoker (Vaults:5)
  A phantasmal warrior (Crypt:3)
  3 ugly things
  A deep elf mage (Elf:3)
  A sixfirhy (Pan)
  2 yaktaurs (Depths:3)
  A redback (Spider:4)
  A water elemental (Depths:3)
  A tarantella (Spider:4)
22 creatures vanquished.

Vanquished Creatures (others)
  5 eldritch tentacles
  Ilsuiw (Shoals:4)
  A frost giant (Vaults:5)
  A blood saint (Pan)
  An elemental wellspring (Coc:7)
  A salamander stormcaller (Hell)
  A black sun (Pan)
  A blizzard demon (Coc:1)
  18 dancing weapons
  A satyr (Shoals:4)
  A soul eater (Pan)
  An anaconda zombie (Hell)
  A wizard (Lair:8)
  A deep elf archer (Vaults:2)
  A torturous demonspawn (Pan)
  A griffon (Shoals:4)
  2 fauns (Shoals:4)
  A sixfirhy (Depths:2)
  A rust devil (Dis:7)
  A smoke demon (Pan)
  A freezing wraith (Vaults:4)
  A red devil (Pan)
  A merfolk (Shoals:4)
  5 flying skulls (Geh:7)
  A chaos spawn (Pan)
  A fire elemental (Hell)
  An orc warrior (Orc:2)
  A sky beast (D:11)
  An orc priest (Vaults:5)
  3 iron imps
  5 white imps (IceCv)
  2 ufetubi (IceCv)
  A ball lightning (Pan)
  2 kobolds (D:11)
  393 eldritch tentacle segments
  A fire vortex (Pan)
  26 fungi
  10 lost souls
  59 plants
  4 snaplasher vine segments (Dis:7)
  18 spectral weapons
  24 tentacles
  445 tentacle segments
1048 creatures vanquished.

Grand Total: 5777 creatures vanquished

Notes
Turn   | Place    | Note
--------------------------------------------------------------
     0 | D:1      | M4edhros the Octopode Fighter began the quest for the Orb.
     0 | D:1      | Reached XP level 1. HP: 16/16 MP: 1/1
    46 | D:1      | Reached XP level 2. HP: 15/21 MP: 2/2
    52 | D:1      | Reached skill level 1 in Stealth
   411 | D:2      | Reached XP level 3. HP: 26/26 MP: 3/3
   542 | D:3      | Noticed M4edhros's ghost (weakling OpFi)
   650 | D:3      | Reached XP level 4. HP: 21/31 MP: 4/4
   653 | D:3      | Found a glowing drain.
   669 | Sewer    | Entered a sewer
   855 | Sewer    | Noticed a crocodile
  1023 | Sewer    | Killed a crocodile
  1023 | Sewer    | Reached XP level 5. HP: 31/36 MP: 5/5
  2894 | D:4      | Noticed Sigmund
  2909 | D:4      | Killed Sigmund
  2909 | D:4      | Reached XP level 6. HP: 16/42 MP: 6/6
  3078 | D:4      | Found Kygog's General Store.
  3301 | D:4      | Reached XP level 7. HP: 44/46 MP: 7/7
  3305 | D:4      | Reached skill level 5 in Stealth
  3677 | D:5      | Entered Level 5 of the Dungeon
  3719 | D:5      | Identified a -1 rod of clouds (10/10) (You found it on level 5 of the Dungeon)
  3790 | D:5      | Reached skill level 5 in Dodging
  3830 | D:5      | Reached skill level 5 in Shields
  4039 | D:5      | Reached XP level 8. HP: 45/52 MP: 8/8
  4381 | D:5      | Reached skill level 5 in Polearms
  5439 | D:6      | Reached skill level 1 in Evocations
  5531 | D:6      | Reached skill level 2 in Evocations
  5656 | D:6      | Found Ewnukeqy's Armour Boutique.
  5717 | D:6      | Reached XP level 9. HP: 21/56 MP: 10/10
  6112 | D:6      | Noticed a moth of wrath
  6115 | D:6      | Found a bloodstained altar of Trog.
  6250 | D:7      | Noticed a hill giant
  6664 | D:7      | Killed a hill giant
  6664 | D:7      | Reached skill level 3 in Evocations
  7414 | D:7      | Found a staircase to the Ecumenical Temple.
  7500 | Temple   | Entered the Ecumenical Temple
  7545 | Temple   | Became a worshipper of Gozag Ym Sagoz the Greedy
  7670 | D:7      | Found Souxkiub's Food Shoppe.
  7784 | D:8      | Reached skill level 4 in Evocations
  8048 | D:8      | Reached XP level 10. HP: 23/63 MP: 13/13
  8438 | D:8      | Noticed Psyche
  8449 | D:8      | Killed Psyche
  8677 | D:8      | Reached skill level 5 in Evocations
  8723 | D:8      | Reached skill level 10 in Stealth
  9019 | D:9      | Found a radiant altar of Vehumet.
  9368 | D:9      | Noticed bl4d3's ghost (novice GrEE)
  9578 | D:9      | Found a shadowy altar of Dithmenos.
 10160 | D:9      | Found a basalt altar of Yredelemnul.
 10169 | D:9      | Found a glowing golden altar of the Shining One.
 10652 | D:10     | Entered Level 10 of the Dungeon
 10671 | D:10     | Reached skill level 6 in Evocations
 10792 | D:10     | Noticed Maud
 10793 | D:10     | Noticed Fannar
 10826 | D:10     | Killed Fannar
 10826 | D:10     | Killed Maud
 10826 | D:10     | Reached skill level 10 in Shields
 10826 | D:10     | Reached skill level 7 in Evocations
 10826 | D:10     | Reached XP level 11. HP: 56/67 MP: 16/16
 10961 | D:10     | Reached skill level 1 in Maces & Flails
 11276 | D:10     | Reached skill level 8 in Evocations
 11878 | D:11     | Noticed a hill giant
 11896 | D:11     | Killed a hill giant
 12029 | D:11     | Noticed a six-headed hydra
 12056 | D:11     | Killed a six-headed hydra
 12114 | D:11     | Got a translucent flail
 12126 | D:11     | Noticed a hill giant
 12258 | D:11     | Killed a hill giant
 12858 | D:11     | Gained mutation: You are partially covered in yellow scales (AC +2). [potion of mutation]
 12858 | D:11     | Gained mutation: You possess an exceptional clarity of mind. [potion of mutation]
 12858 | D:11     | Gained mutation: Your body sometimes deteriorates upon taking damage. [potion of mutation]
 12911 | D:11     | Identified the cursed +1 flail of Fexid {crush, rF+ MP-9 Str+3 Stlth+} (You found it on level 11 of the Dungeon)
 12951 | D:11     | Found a staircase to the Lair.
 13011 | D:11     | Noticed a cyclops
 13251 | D:11     | Noticed a purple ugly thing
 13417 | D:11     | Reached XP level 12. HP: 37/72 MP: 18/18
 13425 | D:11     | HP: 3/72 [yak (1)]
 13691 | D:11     | Reached skill level 9 in Evocations
 13920 | D:11     | Reached skill level 5 in Maces & Flails
 14118 | D:11     | Bought the ring "Jyistrow" {+Blink rElec Int-4 Slay+4 Stlth-} for 553 gold pieces
 14123 | Lair:1   | Entered Level 1 of the Lair of Beasts
 14401 | Lair:1   | Got a crystal long sword
 14402 | Lair:1   | Identified the +7 long sword of Cebevadd {antimagic, rF- Int+7} (You found it on level 1 of the Lair of Beasts)
 15256 | Lair:2   | Noticed Harold
 15282 | Lair:1   | Upgraded the game from 0.18-a0-1639-g7533f42 to 0.18-a0-1643-gb89d9db
 15345 | Lair:2   | Killed Harold
 15345 | Lair:2   | Reached skill level 10 in Evocations
 15439 | Lair:2   | Noticed Sonja
 15445 | Lair:2   | Killed Sonja
 16377 | Lair:2   | Got a dazzling hand axe
 16765 | Lair:3   | Found a labyrinth entrance.
 16771 | Lab      | Entered a labyrinth
 17035 | Lab      | Reached XP level 13. HP: 77/77 MP: 20/20
 17334 | Lab      | Noticed a minotaur
 17343 | Lab      | Killed a minotaur
 17347 | Lab      | Got a warped jade amulet
 17348 | Lab      | Identified a +9 rod of ignition (9/9) (You found it in a labyrinth)
 17355 | Lab      | Learned a level 2 spell: Song of Slaying
 17358 | Lab      | Learned a level 2 spell: Shroud of Golubria
 17362 | Lab      | Learned a level 3 spell: Regeneration
 17366 | Lab      | Learned a level 3 spell: Spectral Weapon
 17369 | Lab      | Identified the amulet "Nual" {Harm *Drain MR+} (You found it in a labyrinth)
 17513 | Lair:3   | Reached skill level 11 in Evocations
 17572 | Lair:3   | Got a translucent spear
 17573 | Lair:3   | Identified the +7 spear of Symmetry {pierce, rN+} (You found it on level 3 of the Lair of Beasts)
 17583 | Lair:3   | Identified the +5 hand axe of Kuamikhe {flame, +Inv Int+3} (You found it on level 2 of the Lair of Beasts)
 18888 | Lair:4   | Found a staircase to the Shoals.
 19220 | Lair:5   | Found a hole to the Spider Nest.
 19255 | Lair:5   | Reached skill level 1 in Charms
 20001 | Lair:5   | Reached skill level 12 in Evocations
 20136 | Lair:5   | Reached XP level 14. HP: 32/83 MP: 17/23
 20143 | Lair:5   | Noticed M4edhros's ghost (journeyman OpFi)
 21047 | Lair:5   | Killed M4edhros's ghost
 21960 | Lair:6   | Noticed Josephine
 22152 | Lair:6   | Killed Josephine
 22726 | Lair:7   | Found a staircase to the Slime Pits.
 22949 | Lair:7   | Found a deep blue altar of Sif Muna.
 22979 | Lair:7   | Noticed Snorg
 22989 | Lair:7   | Killed Snorg
 23141 | Lair:7   | Reached skill level 13 in Evocations
 23748 | Lair:8   | Entered Level 8 of the Lair of Beasts
 23966 | Lair:8   | Noticed a dire elephant
 24360 | D:9      | Bought a +6 ring of slaying for 2588 gold pieces
 24363 | D:9      | Bought the ring of the Gloaming {+Fly rPois rF+ Dex+4 Stlth+} for 891 gold pieces
 24568 | D:9      | Killed bl4d3's ghost
 24578 | D:9      | Reached skill level 5 in Charms
 24717 | D:9      | Noticed an angel
 25082 | Lair:8   | Reached XP level 15. HP: 88/88 MP: 24/24
 25162 | Lair:8   | Reached skill level 10 in Dodging
 25501 | Lair:8   | Reached skill level 15 in Stealth
 25798 | Lair:8   | Found a burning altar of Makhleb.
 26033 | Lair:8   | Found a gateway to Hell.
 26511 | D:12     | Found a flagged portal.
 26638 | Bailey   | Entered a bailey
 26928 | D:12     | Found a staircase to the Orcish Mines.
 27598 | D:12     | Reached skill level 1 in Hexes
 27678 | D:12     | Got a scintillating iron ring
 27680 | D:12     | Identified the ring of Pokleati {rPois rF+ rC+ Int+3 Stlth+} (You found it on level 12 of the Dungeon)
 28043 | D:13     | Reached skill level 10 in Maces & Flails
 28332 | D:13     | Found a runed door.
 28439 | D:13     | Reached skill level 14 in Evocations
 28639 | D:13     | Found a gate to the Vaults.
 28743 | D:13     | Identified the Collected Works on Stones
 28757 | D:13     | Got a pitted triple sword {flame}
 28768 | D:13     | Learned a level 4 spell: Summon Lightning Spire
 28769 | D:13     | Got a crude lead amulet
 28771 | D:13     | Identified the amulet "Jaicw" {Harm *Drain Slay+3} (You found it on level 13 of the Dungeon)
 28784 | D:13     | Identified the cursed +0 triple sword of Pemmakoe {flame, MR+ Dex+2} (You took it off a vampire on level 13 of the Dungeon)
 28786 | D:13     | Identified the Tome of the Moneychanger (You found it on level 13 of the Dungeon)
 28789 | D:13     | Got a slimy greatsling
 28790 | D:13     | Identified the +3 greatsling of Gyixkukh {freeze, rElec rN+ SInv} (You found it on level 13 of the Dungeon)
 29243 | D:14     | Reached XP level 16. HP: 93/93 MP: 26/26
 29913 | D:15     | Entered Level 15 of the Dungeon
 29965 | D:15     | Found a blossoming altar of Fedhas.
 29965 | D:15     | Noticed a tengu reaver
 29982 | D:15     | Killed a tengu reaver
 30062 | Orc:1    | Entered Level 1 of the Orcish Mines
 30364 | D:12     | Bought a +5 amulet of reflection for 300 gold pieces
 30364 | D:12     | Bought a +6 ring of dexterity for 702 gold pieces
 30377 | D:12     | Bought a scroll of blinking for 97 gold pieces
 30575 | Orc:2    | Entered Level 2 of the Orcish Mines
 30575 | Orc:2    | Found Angic's General Store.
 30623 | Orc:2    | Found Rayh's Antique Armour Emporium.
 30663 | Orc:1    | Found a roughly hewn altar of Beogh.
 31590 | Orc:2    | Found Saco's Antique Weapon Boutique.
 31686 | Orc:2    | Reached skill level 15 in Evocations
 31762 | Orc:2    | Found a staircase to the Elven Halls.
 31872 | Orc:2    | Found Fonkeytz's Jewellery Shoppe.
 32405 | D:15     | Found a shattered altar of Ashenzari.
 32535 | D:15     | Reached skill level 5 in Hexes
 32659 | D:15     | Found a staircase to the Depths.
 33044 | Spider:1 | Entered Level 1 of the Spider Nest
 33367 | Spider:1 | Reached XP level 17. HP: 98/98 MP: 28/28
 33635 | Spider:1 | Noticed Frances
 33674 | Spider:1 | Killed Frances
 33674 | Spider:1 | Reached skill level 1 in Spellcasting
 34984 | Spider:1 | Learned a level 3 spell: Ozocubu's Armour
 35188 | Spider:2 | Reached skill level 1 in Necromancy
 36034 | Spider:3 | Noticed Wiglaf
 36147 | Spider:3 | Killed Wiglaf
 36607 | Lair:1   | Bought the amulet of Tioruz {Spirit Fragile rElec Str+2 Slay+6} for 1288 gold pieces
 36724 | Elf:1    | Entered Level 1 of the Elven Halls
 36763 | Elf:1    | Reached skill level 1 in Slings
 36886 | Elf:1    | Noticed Nikola
 36900 | Elf:1    | Killed Nikola
 36946 | Elf:1    | Found a frozen archway.
 37061 | IceCv    | Entered an ice cave
 37061 | IceCv    | Noticed syage's ghost (journeyman MiFi)
 37084 | IceCv    | Killed syage's ghost
 37628 | IceCv    | Reached skill level 15 in Shields
 37659 | IceCv    | Reached XP level 18. HP: 84/103 MP: 29/29
 38453 | Elf:1    | Reached skill level 1 in Short Blades
 38454 | Elf:1    | Reached skill level 5 in Spellcasting
 38568 | Elf:1    | Found a radiant altar of Vehumet.
 39012 | Elf:2    | Found Ymutot's Magic Scroll Emporium.
 39017 | Elf:2    | Found Sohut's Armour Shoppe.
 39020 | Elf:2    | Bought a scroll of teleportation for 54 gold pieces
 39020 | Elf:2    | Bought a scroll of enchant armour for 135 gold pieces
 39020 | Elf:2    | Bought a scroll of blinking for 135 gold pieces
 39059 | Elf:2    | Found Vieg's Distillery.
 39066 | Elf:2    | Bought a potion of agility for 56 gold pieces
 39145 | Elf:2    | Found Kuaroha's Book Shop.
 39182 | Elf:2    | Reached skill level 5 in Slings
 39219 | Elf:2    | Reached skill level 5 in Necromancy
 39337 | Elf:2    | Found a runed door.
 39360 | Elf:2    | Found a runed door.
 39403 | Elf:3    | Entered Level 3 of the Elven Halls
 39630 | Elf:3    | Found Udiadeo's Antique Armour Shop.
 39716 | Elf:3    | Noticed Norris
 39717 | Elf:3    | Noticed a deep elf blademaster
 39717 | Elf:3    | Noticed a deep elf master archer
 40000 | Elf:3    | Noticed an Ice Fiend
 40015 | Elf:3    | Noticed a deep elf blademaster
 40017 | Elf:3    | Noticed a deep elf blademaster
 40020 | Elf:3    | Killed a deep elf master archer
 40026 | Elf:3    | Killed a deep elf blademaster
 40032 | Elf:3    | Killed a deep elf blademaster
 40043 | Elf:3    | Killed a deep elf blademaster
 40043 | Elf:3    | Reached XP level 19. HP: 54/108 MP: 30/30
 40495 | Elf:3    | Killed Norris
 40563 | Elf:3    | Found Regho's Weapon Shop.
 40711 | Elf:3    | Got a brightly glowing glass ring
 40722 | Elf:3    | Identified the ring "Ygoa" {rCorr Str+2 Int+4 Slay-6} (You found it on level 3 of the Elven Halls)
 41744 | Spider:3 | Reached skill level 5 in Short Blades
 41955 | Spider:3 | Reached skill level 1 in Translocations
 42139 | Spider:4 | Entered Level 4 of the Spider Nest
 42139 | Spider:4 | Noticed namnharef's ghost (adept HOFi)
 42344 | Spider:4 | Killed namnharef's ghost
 42371 | Spider:4 | Noticed Kirke
 42403 | Spider:4 | Got a gossamer rune of Zot
 43266 | Spider:4 | Reached XP level 20. HP: 102/117 MP: 31/31
 43489 | Spider:4 | Killed Kirke
 43660 | Spider:4 | Reached skill level 10 in Slings
 43962 | Spider:4 | Reached skill level 5 in Fighting
 44308 | Shoals:1 | Entered Level 1 of the Shoals
 46934 | Shoals:4 | Entered Level 4 of the Shoals
 46958 | Shoals:4 | Noticed Ilsuiw
 46959 | Shoals:4 | Reached XP level 21. HP: 90/126 MP: 23/32
 46968 | Shoals:4 | Noticed Polyphemus
 46974 | Shoals:4 | Killed Ilsuiw
 47017 | Shoals:4 | Killed Polyphemus
 47017 | Shoals:4 | Reached skill level 10 in Short Blades
 47105 | Shoals:4 | Got a barnacled rune of Zot
 47463 | Shoals:4 | Found a shimmering altar of Xom.
 48536 | D:14     | Learned a level 6 spell: Haste
 48543 | D:14     | Learned a level 6 spell: Deflect Missiles
 48726 | Vaults:1 | Entered Level 1 of the Vaults
 49015 | Vaults:1 | Reached skill level 1 in Air Magic
 49978 | Vaults:2 | Gained mutation: Your magical capacity is low (-10% MP). [potion of mutation]
 49978 | Vaults:2 | Gained mutation: You evolve. [potion of mutation]
 49978 | Vaults:2 | Gained mutation: You tend to lose your temper in combat. [potion of mutation]
 49983 | Vaults:2 | Noticed Xtahua
 49997 | Vaults:2 | Killed Xtahua
 50262 | Vaults:2 | Found a staircase to the Crypt.
 50706 | Vaults:2 | Reached XP level 22. HP: 133/137 MP: 29/29
 51128 | Vaults:2 | Gained mutation: You are partially covered in slimy green scales (AC +2). [potion of beneficial mutation]
 51461 | Vaults:3 | Reached skill level 5 in Air Magic
 51515 | Vaults:3 | Learned a level 3 spell: Mephitic Cloud
 51567 | Vaults:3 | Reached skill level 10 in Charms
 52782 | Vaults:4 | Found Lijyhon's Distillery.
 52790 | Vaults:4 | Bought a potion of mutation for 32 gold pieces
 52790 | Vaults:4 | Gained mutation: Potions and wands are less effective at restoring your health. [potion of mutation]
 52791 | Vaults:4 | Bought a potion of might for 52 gold pieces
 52791 | Vaults:4 | Bought a potion of agility for 52 gold pieces
 52791 | Vaults:4 | Bought a potion of might for 52 gold pieces
 52791 | Vaults:4 | Bought a potion of heal wounds for 65 gold pieces
 52825 | Vaults:4 | Reached skill level 15 in Dodging
 52884 | Vaults:4 | Paralysed by a sphinx for 7 turns
 53313 | Vaults:4 | Gained mutation: You are covered in fur (AC +1). [evolution]
 53472 | Vaults:4 | Identified a scroll of acquirement
 53575 | Vaults:4 | Reached XP level 23. HP: 144/144 MP: 30/30
 54121 | Vaults:4 | Got a polished hat
 54132 | Vaults:4 | Identified the +1 hat "Bibaunoe" {rPois Dex+4} (You acquired it on level 4 of the Vaults)
 54194 | Vaults:5 | Entered Level 5 of the Vaults
 54194 | Vaults:5 | Noticed Saint Roka
 54216 | Vaults:4 | Reached skill level 1 in Poison Magic
 54627 | Vaults:5 | Noticed an ancient lich
 54953 | Vaults:5 | Killed an ancient lich
 55042 | Vaults:5 | Killed Saint Roka
 55059 | Vaults:5 | Got a scintillating iron ring
 55061 | Vaults:5 | Identified the ring of Accord {*Tele rPois MR- Str+4 Slay+3} (You found it on level 5 of the Vaults)
 55310 | Vaults:5 | Identified the Handbook of Fatigue
 55893 | Vaults:5 | Reached skill level 5 in Poison Magic
 55895 | Vaults:5 | Got a faintly glowing brass ring
 56174 | Vaults:5 | Reached XP level 24. HP: 123/153 MP: 30/30
 56588 | Vaults:5 | Identified the ring of Baiqikh {*Corrode +Fly rF+ Dex+3 Stlth+} (You took it off an ironbrand convoker on level 5 of the Vaults)
 56590 | Vaults:5 | Identified a +3 rod of inaccuracy (12/12) (You took it off an orc knight on level 5 of the Vaults)
 56712 | Vaults:5 | Got a silver rune of Zot
 57160 | Depths:1 | Entered Level 1 of the Depths
 57178 | Depths:1 | Reached skill level 10 in Fighting
 57241 | Depths:1 | Found a one-way gate to the infinite horrors of the Abyss.
 57268 | Depths:1 | Bought the +3 hat of Pondering {ponderous, MR+ MP+10 Int+5} for 666 gold pieces
 57419 | D:9      | Fell from the grace of Gozag
 57419 | D:9      | Became a worshipper of Dithmenos the Shadowed
 57679 | Crypt:1  | Entered Level 1 of the Crypt
 58080 | Vaults:3 | Reached skill level 10 in Air Magic
 58354 | Crypt:1  | Got a shimmering pewter ring
 58355 | Crypt:1  | Identified the ring "Zasen" {rC++ MR- MP+9 Str+4 Dex+4} (You found it on level 1 of the Crypt)
 58412 | Crypt:1  | Reached * piety under Dithmenos
 58802 | Crypt:3  | Entered Level 3 of the Crypt
 59273 | Crypt:3  | Reached ** piety under Dithmenos
 59352 | Crypt:3  | Found a basalt altar of Yredelemnul.
 59388 | Crypt:3  | Noticed an ancient lich
 59584 | Crypt:3  | Found a staircase to the Tomb.
 59796 | Crypt:3  | Killed an ancient lich
 59852 | Crypt:3  | Reached *** piety under Dithmenos
 59867 | Crypt:3  | Identified the Compendium of Attacks
 59946 | Crypt:3  | Got a slimy lapis lazuli ring
 59946 | Crypt:3  | Got a transparent golden amulet
 59946 | Crypt:3  | Got a clouded bronze ring
 59985 | Crypt:3  | Reached XP level 25. HP: 161/161 MP: 30/30
 60600 | Depths:1 | Reached **** piety under Dithmenos
 60620 | Depths:1 | Identified the ring "Foopnen" {rPois rN+ Dex+3 SInv} (You found it on level 3 of the Crypt)
 60622 | Depths:1 | Identified the ring of Vaigufar {rPois rN+ Int+2 Dex+2} (You found it on level 3 of the Crypt)
 60638 | Depths:1 | Gained mutation: You are partially covered in large bone plates (AC +2, SH +2). [mutagenic meat]
 60639 | Depths:1 | Gained mutation: You passively map a small area around you. [mutagenic meat]
 60640 | Depths:1 | Lost mutation: Your magical capacity is low (-10% MP). [mutagenic meat]
 60641 | Depths:1 | Gained mutation: Your body often deteriorates upon taking damage. [mutagenic meat]
 60816 | Depths:1 | Lost mutation: You possess an exceptional clarity of mind. [mutagenic meat]
 61006 | Depths:1 | Gained mutation: You are clumsy. (Dex -2) [mutagenic meat]
 61009 | Depths:1 | Lost mutation: Your body often deteriorates upon taking damage. [mutagenic meat]
 61104 | Depths:1 | Gained mutation: You are resistant to hostile enchantments. [potion of mutation]
 61738 | Depths:2 | Found a gateway to a ziggurat.
 61762 | Depths:2 | Lost mutation: Your body sometimes deteriorates upon taking damage. [mutagenic meat]
 61763 | Depths:2 | Gained mutation: You are highly resistant to hostile enchantments. [mutagenic meat]
 61788 | Depths:2 | Found a one-way gate leading to the halls of Pandemonium.
 61803 | Depths:2 | Reached ***** piety under Dithmenos
 61833 | Depths:2 | Reached skill level 1 in Invocations
 62028 | Depths:2 | Gained mutation: Your flesh is heat resistant. [evolution]
 62469 | Depths:2 | Identified the amulet of the Okapi {rC+ Regen+ Int-4 Dex+4 Slay+2} (You found it on level 3 of the Crypt)
 62670 | Depths:2 | Reached skill level 5 in Invocations
 62698 | Depths:2 | Identified the Tome of Assistive Malediction
 62855 | Depths:2 | Reached XP level 26. HP: 57/167 MP: 11/34
 62890 | Depths:2 | Lost mutation: You are partially covered in slimy green scales (AC +2). [mutagenic meat]
 63129 | Depths:2 | Was forgiven by Gozag
 63868 | Depths:3 | Reached ****** piety under Dithmenos
 64017 | Depths:3 | HP: 2/167 [yaktaur captain (17)]
 64204 | Depths:3 | Reached skill level 15 in Charms
 64258 | Depths:3 | Gained mutation: Scrolls take you a little longer to read. [mutagenic meat]
 64259 | Depths:3 | Gained mutation: Scrolls take you longer to read. [mutagenic meat]
 64663 | Depths:3 | Gained mutation: You are weak. (Str -2) [potion of mutation]
 64728 | Depths:3 | Gained mutation: You have a pair of small antennae on your head. [mutagenic meat]
 64847 | Depths:3 | Noticed Frederick
 64858 | Depths:3 | Killed Frederick
 65496 | Depths:4 | Found a snail-covered altar of Cheibriados.
 65670 | Depths:4 | Reached skill level 10 in Invocations
 65670 | Depths:4 | Reached XP level 27. HP: 145/171 MP: 34/34
 65689 | Depths:4 | Lost mutation: Your flesh is heat resistant. [mutagenic meat]
 65690 | Depths:4 | Lost mutation: You passively map a small area around you. [mutagenic meat]
 66179 | Depths:4 | Noticed an iron giant
 66183 | Depths:4 | Noticed a juggernaut
 66456 | Hell     | Entered the Vestibule of Hell
 66508 | Hell     | Noticed Geryon
 66701 | Hell     | Killed Geryon
 66712 | Hell     | Reached skill level 1 in Summonings
 66968 | Hell     | Found a gateway to the ashen valley of Gehenna.
 67089 | Hell     | Found a gateway to the Iron City of Dis.
 67250 | Hell     | Found a gateway to the decaying netherworld of Tartarus.
 67345 | Hell     | Found a gateway to the freezing wastes of Cocytus.
 67427 | Depths:5 | Entered Level 5 of the Depths
 67500 | Depths:5 | Lost mutation: You are highly resistant to hostile enchantments. [mutagenic meat]
 67501 | Depths:5 | Lost mutation: You have a pair of small antennae on your head. [mutagenic meat]
 67503 | Depths:5 | Gained mutation: Scrolls take you much longer to read. [mutagenic meat]
 67504 | Depths:5 | Lost mutation: You are clumsy. (Dex -2) [mutagenic meat]
 67682 | Depths:5 | Gained mutation: You rapidly evolve. [mutagenic meat]
 67683 | Depths:5 | Lost mutation: Scrolls take you much longer to read. [mutagenic meat]
 67684 | Depths:5 | Lost mutation: You are weak. (Str -2) [mutagenic meat]
 67685 | Depths:5 | Lost mutation: You tend to lose your temper in combat. [mutagenic meat]
 67686 | Depths:5 | Gained mutation: Your muscles are strong. (Str +2) [mutagenic meat]
 68562 | Depths:5 | Found a gate to the Realm of Zot.
 68565 | Depths:5 | Reached skill level 5 in Summonings
 69167 | Zot:1    | Entered Level 1 of the Realm of Zot
 69989 | Zot:1    | Identified a +6 rod of inaccuracy (10/10) (You found it on level 1 of the Realm of Zot)
 70118 | Zot:1    | Reached skill level 15 in Invocations
 70848 | Zot:2    | Reached skill level 16 in Evocations
 71020 | Zot:2    | Reached skill level 17 in Evocations
 71118 | Zot:2    | Gained mutation: Your muscles are very strong. (Str +4) [potion of beneficial mutation]
 71257 | Zot:2    | Gained mutation: One of your tentacles bears a spike. [evolution]
 71633 | Zot:3    | Reached skill level 18 in Evocations
 71845 | Zot:3    | Reached skill level 19 in Evocations
 72343 | Zot:4    | Reached skill level 20 in Evocations
 72682 | Zot:4    | Reached skill level 21 in Evocations
 73250 | Zot:5    | Entered Level 5 of the Realm of Zot
 73495 | Pan      | Entered Pandemonium
 73530 | Pan      | Reached skill level 22 in Evocations
 73570 | Pan      | Gained mutation: You occasionally shout uncontrollably at your foes. [a cacodemon]
 73966 | Pan      | Found an exit through the horrors of the Abyss.
 74063 | Pan      | Noticed Toerhill the pandemonium lord
 74078 | Pan      | Killed Toerhill the pandemonium lord
 74522 | Pan      | Reached skill level 23 in Evocations
 74748 | Pan      | Found an exit through the horrors of the Abyss.
 74764 | Pan      | Noticed Owich the pandemonium lord
 74774 | Pan      | Killed Owich the pandemonium lord
 75268 | Pan      | Noticed Heybed the pandemonium lord
 75289 | Pan      | Killed Heybed the pandemonium lord
 75370 | Pan      | Gained mutation: One of your tentacles bears a nasty spike. [evolution]
 75421 | Pan      | Found an exit through the horrors of the Abyss.
 75718 | Pan      | Noticed Myf Puik the pandemonium lord
 76539 | Pan      | Killed Myf Puik the pandemonium lord
 76706 | Pan      | Found an exit through the horrors of the Abyss.
 76839 | Depths:5 | Escaped Pandemonium
 76847 | Pan      | Entered Pandemonium
 76850 | Pan      | Found an exit through the horrors of the Abyss.
 77572 | Pan      | Noticed Laoreuz the pandemonium lord
 77584 | Pan      | Killed Laoreuz the pandemonium lord
 77620 | Pan      | Got a scorched granite ring
 77625 | Pan      | Identified the ring of the Catfish {*Contam +Blink rC+ Int-3 Stlth+} (You found it in Pandemonium)
 77918 | Pan      | Entered the realm of Lom Lobon.
 77993 | Pan      | Noticed Lom Lobon
 78033 | Pan      | Killed Lom Lobon
 78070 | Pan      | Got a magical rune of Zot
 78131 | Pan      | Entered the realm of Mnoleg.
 78131 | Pan      | Found an exit through the horrors of the Abyss.
 78353 | Pan      | Lost mutation: Potions and wands are less effective at restoring your health. [a cacodemon]
 78355 | Pan      | Lost mutation: Your muscles are very strong. (Str +4) [a cacodemon]
 78413 | Pan      | Gained mutation: Scrolls take you much longer to read. [mutagenic meat]
 78442 | Pan      | Noticed Mnoleg
 78656 | Pan      | Reached skill level 15 in Maces & Flails
 78671 | Pan      | Lost mutation: Your muscles are strong. (Str +2) [a neqoxec]
 78725 | Pan      | Killed Mnoleg
 78837 | Pan      | Gained mutation: Your mind is acute. (Int +2) [mutagenic meat]
 78838 | Pan      | Gained mutation: Your natural rate of healing is unusually fast. [mutagenic meat]
 78840 | Pan      | Lost mutation: Your mind is acute. (Int +2) [mutagenic meat]
 78841 | Pan      | Lost mutation: Scrolls take you much longer to read. [mutagenic meat]
 78845 | Pan      | Lost mutation: You are covered in fur (AC +1). [mutagenic meat]
 78846 | Pan      | Lost mutation: You occasionally shout uncontrollably at your foes. [mutagenic meat]
 78848 | Pan      | Gained mutation: You are dopey. (Int -2) [mutagenic meat]
 78849 | Pan      | Lost mutation: You are dopey. (Int -2) [mutagenic meat]
 78852 | Pan      | Lost mutation: You are partially covered in yellow scales (AC +2). [mutagenic meat]
 78854 | Pan      | Gained mutation: You tend to lose your temper in combat. [mutagenic meat]
 78855 | Pan      | Gained mutation: Your body sometimes deteriorates upon taking damage. [mutagenic meat]
 78856 | Pan      | Lost mutation: Scrolls take you longer to read. [mutagenic meat]
 78857 | Pan      | Gained mutation: You often lose your temper in combat. [mutagenic meat]
 78859 | Pan      | Lost mutation: Your body sometimes deteriorates upon taking damage. [mutagenic meat]
 78902 | Pan      | Gained mutation: You are weak. (Str -2) [a cacodemon]
 78997 | Pan      | Got a glowing rune of Zot
 79068 | Pan      | Gained mutation: Your mind is acute. (Int +2) [evolution]
 79224 | Pan      | Lost mutation: One of your tentacles bears a nasty spike. [mutagenic meat]
 79225 | Pan      | Lost mutation: Scrolls take you a little longer to read. [mutagenic meat]
 79355 | Pan      | Noticed Mennas
 79389 | Pan      | Killed Mennas
 79410 | Pan      | Got a transparent large shield
 79411 | Pan      | Identified the +5 large shield of the First Snow {rElec Regen+ MP+9} (You took it off Mennas in Pandemonium)
 79534 | Pan      | Lost mutation: Your mind is acute. (Int +2) [a neqoxec]
 79647 | Pan      | Reached skill level 15 in Fighting
 79823 | Pan      | Got a demonic rune of Zot
 80275 | Pan      | Found an exit through the horrors of the Abyss.
 80504 | Pan      | Lost mutation: Your natural rate of healing is unusually fast. [a neqoxec]
 80645 | Pan      | Noticed Couwono the pandemonium lord
 80670 | Pan      | Killed Couwono the pandemonium lord
 80894 | Pan      | Found an exit through the horrors of the Abyss.
 81009 | Pan      | Lost mutation: You rapidly evolve. [a cacodemon]
 81371 | Pan      | Entered the realm of Cerebov.
 81565 | Pan      | Noticed Cerebov
 81620 | Pan      | Got a faintly glowing turquoise ring
 81621 | Pan      | Identified the ring "Rokutuar" {rCorr -Tele rElec Str+6 SInv} (You found it in Pandemonium)
 81794 | Pan      | Found an exit through the horrors of the Abyss.
 82263 | Pan      | Reached skill level 15 in Short Blades
 82484 | Pan      | Killed Cerebov
 82531 | Pan      | Got a fiery rune of Zot
 82579 | Pan      | Got a brightly glowing glaive
 82580 | Pan      | Identified the +8 glaive "Buxkuwel" {flame, +Fly rElec rPois} (You found it in Pandemonium)
 82630 | Pan      | Identified a +3 rod of inaccuracy (13/13) (You found it in Pandemonium)
 82634 | Pan      | Identified a +5 rod of shadows (14/14) (You found it in Pandemonium)
 82661 | Pan      | Learned a level 5 spell: Summon Forest
 82706 | Pan      | Got a shimmering dagger
 82707 | Pan      | Identified the +7 dagger of Paper {venom, +Fly rN++} (You found it in Pandemonium)
 82842 | Pan      | Took an exit into the Abyss.
 82842 | Abyss:1  | Escaped into the Abyss
 82940 | Depths:5 | Escaped the Abyss
 82949 | Pan      | Entered Pandemonium
 82963 | Pan      | Noticed Unitse the pandemonium lord
 82981 | Pan      | Killed Unitse the pandemonium lord
 83369 | Pan      | Found an exit through the horrors of the Abyss.
 83382 | Pan      | Noticed Faqan the pandemonium lord
 83400 | Pan      | Gained mutation: Scrolls take you a little longer to read. [a neqoxec]
 83445 | Pan      | Cast into level 3 of the Abyss (Faqan)
 83451 | Abyss:3  | Found a corrupted altar of Lugonu.
 83522 | Abyss:3  | Gained mutation: Your body sometimes deteriorates upon taking damage. [mutagenic meat]
 83523 | Abyss:3  | Gained mutation: One of your tentacles bears a nasty spike. [mutagenic meat]
 83529 | Abyss:3  | Lost mutation: You often lose your temper in combat. [mutagenic meat]
 83530 | Abyss:3  | Lost mutation: You are weak. (Str -2) [mutagenic meat]
 83531 | Abyss:3  | Gained mutation: You are partially covered in icy blue scales (AC +1). [mutagenic meat]
 83532 | Abyss:3  | Lost mutation: You are resistant to hostile enchantments. [mutagenic meat]
 83533 | Abyss:3  | Lost mutation: You tend to lose your temper in combat. [mutagenic meat]
 83535 | Abyss:3  | Gained mutation: You are weak. (Str -2) [mutagenic meat]
 83536 | Abyss:3  | Lost mutation: Your body sometimes deteriorates upon taking damage. [mutagenic meat]
 83568 | Abyss:3  | Reached skill level 24 in Evocations
 83612 | Abyss:3  | Lost mutation: Scrolls take you a little longer to read. [potion of mutation]
 83612 | Abyss:3  | Gained mutation: Your mind is acute. (Int +2) [potion of mutation]
 83752 | Abyss:3  | Got an abyssal rune of Zot
 83777 | Pan      | Escaped the Abyss
 83796 | Pan      | Killed Faqan the pandemonium lord
 83948 | Pan      | Entered the realm of Gloorx Vloq.
 84077 | Pan      | Reached skill level 5 in Translocations
 84092 | Pan      | Noticed Gloorx Vloq
 84147 | Pan      | Killed Gloorx Vloq
 84169 | Pan      | Got a dark rune of Zot
 84255 | Pan      | Found an exit through the horrors of the Abyss.
 84401 | Pan      | Took an exit into the Abyss.
 84401 | Abyss:1  | Escaped into the Abyss
 84404 | Depths:5 | Escaped the Abyss
 84461 | Dis:1    | Entered Level 1 of the Iron City of Dis
 84900 | Elf:3    | Learned a level 2 spell: Swiftness
 84903 | Elf:3    | Got a translucent rapier
 84904 | Elf:3    | Identified the +9 rapier of Entrepreneurial Spirit {flame, +Rage Dex+3} (You found it on level 3 of the Elven Halls)
 85328 | Dis:2    | Gained mutation: Scrolls take you a little longer to read. [mutagenic glow]
 85874 | Dis:5    | Noticed an iron giant
 85877 | Dis:5    | Killed an iron giant
 86176 | Dis:7    | Entered Level 7 of the Iron City of Dis
 86243 | Dis:7    | Noticed an iron giant
 86279 | Dis:7    | Noticed an iron giant
 86289 | Dis:7    | Noticed an iron giant
 86297 | Dis:7    | Killed an iron giant
 86303 | Dis:7    | Noticed an iron giant
 86314 | Dis:7    | Killed an iron giant
 86315 | Dis:7    | Killed an iron giant
 86359 | Dis:7    | Noticed an iron giant
 86367 | Dis:7    | HP: 5/193 [Hell Sentinel/damnation (31)]
 86709 | Dis:3    | Gained mutation: Your mind is very acute. (Int +4) [evolution]
 86709 | Dis:3    | Lost mutation: You evolve. [end of evolution]
 87498 | Dis:7    | Noticed an iron giant
 87525 | Dis:7    | Killed an iron giant
 87652 | Dis:7    | Noticed an iron giant
 87799 | Dis:7    | Killed an iron giant
 87879 | Dis:7    | Identified Suv Weawn's Handbook of Unholy Rituals
 88317 | Dis:7    | Reached skill level 10 in Summonings
 88371 | Dis:7    | Killed an iron giant
 88440 | Dis:7    | Identified Noqet's Collected Works on Floating Augmentations
 88518 | Dis:7    | Noticed Dispater
 88569 | Dis:7    | Killed Dispater
 88620 | Dis:7    | Got an iron rune of Zot
 88708 | Dis:7    | Killed an iron giant
 88709 | Dis:7    | Noticed an iron giant
 88727 | Dis:7    | Killed an iron giant
 88831 | Geh:1    | Entered Level 1 of Gehenna
 88953 | Geh:3    | Reached skill level 25 in Evocations
 89173 | Geh:4    | Reached skill level 10 in Translocations
 89491 | Geh:7    | Entered Level 7 of Gehenna
 89497 | Geh:7    | Got a transparent marble ring
 89500 | Geh:7    | Identified the ring "Curebleovi" {rElec Str+2 Int+2} (You acquired it on level 7 of Gehenna)
 89857 | Geh:7    | Noticed Asmodeus
 90039 | Geh:7    | Killed Asmodeus
 90100 | Geh:7    | Got an obsidian rune of Zot
 90964 | Tar:1    | Entered Level 1 of Tartarus
 92116 | Tar:7    | Entered Level 7 of Tartarus
 92841 | Tar:7    | Identified Asmodeus's Disquisition on the Entourage
 93021 | Tar:7    | Reached skill level 26 in Evocations
 93026 | Tar:7    | Got a scintillating granite ring
 93030 | Tar:7    | Identified the cursed ring "Vijoji" {rC+ Int-2 Dex-5 Stlth+} (You took it off a vampire mage on level 7 of Tartarus)
 93033 | Tar:7    | Identified the Incunabulum of Shifting Aid
 93094 | Tar:7    | Noticed the Serpent of Hell
 93101 | Tar:7    | Killed the Serpent of Hell
 93170 | Tar:7    | Noticed Ereshkigal
 93227 | Tar:7    | Killed Ereshkigal
 93267 | Tar:7    | Got a bone rune of Zot
 93527 | Tar:7    | Got a clouded silver ring
 93530 | Tar:7    | Identified the ring of Nietz {SustAt rC+ Stlth+} (You found it on level 7 of Tartarus)
 93538 | Tar:7    | Got a warped golden amulet
 93548 | Tar:7    | Learned a level 5 spell: Warp Weapon
 93833 | Coc:1    | Entered Level 1 of Cocytus
 93960 | Coc:1    | Reached skill level 10 in Spellcasting
 94285 | Coc:2    | You fall through a shaft for 2 floors!
 95031 | Coc:7    | Entered Level 7 of Cocytus
 95754 | Coc:7    | Identified the amulet of Uwkaloik {Spirit Int+6} (You found it on level 7 of Tartarus)
 95837 | Coc:7    | Noticed Antaeus
 96434 | Coc:7    | Killed from afar by a hellion

Vault maps used:
D:1:      dpeg_arrival_houses_and_road
D:2:      first_bread
D:3:      nicolae_overflow_hidden_temple, portal_sewer_entry_f, minmay_cupped
D:4:      serial_shops, shop_fountains, uniq_sigmund
D:6:      tgw_trog, serial_shops, shop_fountains
D:7:      minmay_temple_entry_poolview, serial_shops, kennysheep_little_box
D:8:      minmay_goldmine, hangedman_pestilent_swarm, uniq_psyche
D:9:      grunt_temple_overflow_holy_war, fiery_altar_vehumet,
          nicolae_dithmenos_the_darkroom
D:10:     special_room, uniq_fannar, uniq_maud
D:11:     boulder_corridor_run, david_lair_shrubbed, serial_park_tiny_pond
D:12:     minmay_triangles_in_corner, orc_0_dummy, enter_bailey_2
D:13:     david_vaults_5, minmay_st_funbox
D:15:     hangedman_depths_entry_try_elsewhere_first, fedhas_altar_1,
          evilmike_ruin_ashenzari
Temple:   hc_temple_tempest_star
Lair:1:   minivault_24, minmay_stone_trees_medium, lemuel_fruit_fields,
          serial_bayou_shore_b
Lair:2:   beast_lair_carwin_3, grunt_megastairs_5, uniq_sonja, uniq_harold
Lair:3:   lab_entry_generic, minivault_29, grunt_megastairs_1
Lair:4:   elwin_shoals_entry_stream, minivault_25
Lair:5:   spider_nest_entry_a, nicolae_lair_grove_arrangements
Lair:6:   roderic_carrion_pond, infiniplex_staircase_pool, serial_bayou_shore_b,
          grunt_megastairs_4, uniq_josephine
Lair:7:   minmay_slime_entry_jelly_boxes, basic_altar, beast_lair_carwin_8,
          lemuel_fruit_tree, serial_bayou_shore_a, uniq_snorg
Lair:8:   evil_forest
Shoals:2: nicolae_shoals_kraken_intersection
Shoals:3: cheibrodos_shoals_roost, nicolae_shoals_square_sea_wall
Shoals:4: shoals_end_grunt_garden, shoals_ilsuiw_ice, lemuel_oklob_altar,
          uniq_polyphemus
Spider:1: nicolae_spider_circle_web, uniq_frances
Spider:3: uniq_wiglaf
Spider:4: floodkiller_spider_rune_tomb, uniq_kirke
Orc:1:    mines2_david
Orc:2:    grunt_orc_gardens, grunt_orc_garden, grunt_orc_garden,
          grunt_orc_garden, grunt_orc_garden, nicolae_volcano_entry_vermiform,
          mines2_lemuel
Elf:1:    basic_altar, portal_ice_cave_entry_animals_and_master, minivault_28,
          minivault_14, uniq_nikola
Elf:2:    serial_shops, shop, shop, nicolae_shop_stone, shop_statue
Elf:3:    minmay_elf_hall_four_x, serial_shops, nicolae_shop_trees, shop,
          uniq_norris
Vaults:1: v_misc_11, hangedman_vaults_maws, vaults_room_door_ring,
          nicolae_vaults_little_squares_4, dpeg_vaults_monster_box,
          nicolae_vaults_mini_display_case, v_misc_25
Vaults:2: minmay_crypt_entry_simple_statues, v_misc_5,
          ontoclasm_vaults_ring_square, hangedman_vaults_stitches,
          nicolae_vaults_branching_niches, hangedman_vaults_snaps,
          hangedman_vaults_cutoff, ontoclasm_vaults_decontamination,
          nicolae_vaults_little_squares_3, vaults_dpeg_encased_lava,
          vaults_mumra_hex, nicolae_vaults_diagonal_hallway_9, uniq_xtahua
Vaults:3: dpeg_vaults_waves, ontoclasm_vaults_ring_small, vaults_room_fours,
          nicolae_vaults_big_angled_halls, grunt_vaults_swirl,
          vaults_standard_mumra_enter_the_diamond, grunt_vaults_focal,
          v_rooms_2, nicolae_vaults_yaktaur_gun_rack, dpeg_vaults_monster_row
Vaults:4: v_misc_24, vaults_mumra_hexcomb, v_misc_23, v_misc_12,
          nicolae_vaults_angled_halls, nicolae_vaults_little_squares_1,
          st_lattice, v_alt_pattern_4, hangedman_vaults_stretched_pinwheel,
          hangedman_vaults_locks, nicolae_vaults_little_squares_4,
          nicolae_vaults_shelves_hall, serial_shops, shop
Vaults:5: serial_shops, uniq_saint_roka
Crypt:1:  minmay_misc_feat_ornament, grunt_crypt_arrival_webbed
Crypt:2:  lemuel_elevator, uniq_khufu
Crypt:3:  church_of_pain_bobbens
Depths:1: grunt_hell_entry_dis_mu, abyss_entry, serial_sigils_hangedman_quiver,
          minmay_misc_feat_plants, kennysheep_cross_room,
          hangedman_devilish_allure
Depths:2: grunt_twisty_corner, enter_ziggurat_e, hex_medium, hell_entry,
          rand_demon_pan_entry_3, infiniplex_staircase_pool_lava,
          serial_bayou_shore_b
Depths:3: cheibrodos_spurs, hangedman_coc_ice_floe, pan_entry, abyss_entry,
          serial_bayou_lagoon_a, kennysheep_generic_room_6,
          infiniplex_staircase_pillars_3b, uniq_frederick
Depths:4: evilmike_inaccessible_box, cheibriados_altar_1,
          hangedman_abyss_entry_splay, pan_entry, hell_entry, spider_trap
Depths:5: lemuel_castle_with_subvaults, hell_entry, pan_entry,
          roderic_lattice_octagonal_star, serial_bayou_shore_b,
          basic_stair_grate_trap, serial_bayou_shore_b
Dis:1:    hangedman_dis_decor_blocks_talon
Dis:2:    hangedman_dis_monolith
Dis:7:    dis_grunt_layers
Geh:1:    hangedman_generic_boss_arena
Geh:2:    special_room
Geh:5:    lemuel_elevator
Geh:7:    geh_hangedman
Coc:6:    serial_ice
Coc:7:    coc_old
Tar:5:    lemuel_nasty_fountain
Tar:7:    tar_old
Zot:1:    st_stairs_14, hangedman_snake_sidewinding
Zot:2:    minmay_elemental_castle
Zot:3:    st_stairs_9, basic_stair_grate_trap, grunt_megastairs_2
Zot:4:    st_stairs_11, grunt_megastairs_3
Zot:5:    grunt_ministairs_6
Abyss:1:  evilmike_abyss_exit_17
Abyss:3:  guppyfry_abyss_exit_imp_island, nicolae_abyss_rune_star_stuff
Pan:      nicolae_pan_glass_arcs, evilmike_mini_pan_3x3,
          pan_blood_fountain_small, evilmike_mini_pan_corridor,
          nicolae_pan_glass_arcs, evilmike_mini_pan_3x3, rand_demon_5,
          evilmike_mini_pan_pillars_b, pan_blood_fountain_small,
          lom_lobon_spiral_st, mnoleg_grunt, nicolae_pan_strange_glyphs,
          evilmike_mini_pan_pillars, uniq_mennas_pan,
          evilmike_mini_pan_other_thingy, grunt_pan_pentagram,
          pan_blood_fountain_2, rand_demon_1, pan_blood_fountain,
          nicolae_pan_gloorx_vloqian_1, reaverb_pan_figure_eight,
          evilmike_mini_pan_doors_b, pan_blood_fountain_small,
          grunt_pan_frozen_over, pan_blood_fountain_2, evilmike_cerebov_lava,
          pan_blood_fountain_small, nicolae_pan_gloorx_vloqian_1, rand_demon_6,
          pan_blood_fountain_small, evilmike_mini_pan_doors_b,
          evilmike_mini_pan_doors_b, pan_blood_fountain, nicolae_pan_diamonds,
          rand_demon_1, gloorx_vloq
Lab:      nicolae_lab_t_cross, nicolae_lab_starburst, labyrinth_skeletal_remains
Sewer:    sewer_the_crocodile
Bailey:   bailey_polearm_gnolls_kennysheep, bailey
IceCv:    ice_cave_small_demon

Skill      XL: |  1  2  3  4  5  6  7  8  9 10 11 12 13 14 15 16 17 18 19 20 21 22 23 24 25 26 27 |
---------------+----------------------------------------------------------------------------------+-----
Stealth        | 1 2 3 4 6 7 9 11 12 13 14 15 24 | 24.1
Polearms       | 3 4 5 6 |  6.7
Shields        | 4 5 6 7 10 11 12 13 14 15 16 17 18 19 20 23 24 25 | 25.2
Dodging        | 4 5 6 7 9 10 11 12 13 14 15 22 | 22.8
Evocations     | 2 4 7 8 10 12 13 14 15 26 | 26.9
Maces & Flails | 4 7 8 9 10 11 16 | 16.0
Charms         | 2 5 6 8 9 11 12 13 15 19 | 19.0
Hexes          | 2 5 |  5.8
Spellcasting   | 4 6 13 | 13.0
Necromancy     | 3 6 |  6.9
Slings         | 3 6 9 11 13 14 | 14.9
Short Blades   | 3 6 9 11 12 13 18 | 18.8
Translocations | 2 14 | 14.9
Fighting       | 4 6 7 8 9 10 19 | 19.6
Air Magic      | 3 7 9 11 | 11.0
Poison Magic   | 5 |  5.5
Invocations    | 5 10 15 | 15.4
Summonings     | 10 | 10.5

Action                   |  1- 3 |  4- 6 |  7- 9 | 10-12 | 13-15 | 16-18 | 19-21 | 22-24 | 25-27 || total
-------------------------+-------+-------+-------+-------+-------+-------+-------+-------+-------++-------
Melee: Trident           |    49 |    52 |   306 |   226 |       |       |       |       |       ||   633
       Blowgun           |       |    64 |       |       |       |       |       |       |       ||    64
       Long sword        |       |       |   107 |       |       |       |       |       |       ||   107
       Eveningstar       |       |       |       |   413 |  1005 |   817 |   935 |  1176 |  2194 ||  6540
       Triple sword      |       |       |       |       |    11 |       |       |       |       ||    11
       Quick blade       |       |       |       |       |       |       |    61 |       |  5337 ||  5398
 Fire: Blowgun           |       |     8 |     9 |    67 |       |       |       |       |       ||    84
       Greatsling        |       |       |       |       |     9 |    51 |    96 |   174 |   727 ||  1057
Throw: Stone             |       |    91 |       |       |     1 |       |       |       |       ||    92
 Cast: Spectral Weapon   |       |       |       |       |       |     1 |       |       |    25 ||    26
       Regeneration      |       |       |       |       |       |     2 |    10 |    39 |   130 ||   181
       Ozocubu's Armour  |       |       |       |       |       |     1 |     1 |     1 |     4 ||     7
       Shroud of Golubri |       |       |       |       |       |       |     1 |       |     7 ||     8
       Summon Lightning  |       |       |       |       |       |       |       |       |     8 ||     8
       Haste             |       |       |       |       |       |       |       |       |    26 ||    26
       Deflect Missiles  |       |       |       |       |       |       |       |       |     5 ||     5
       Swiftness         |       |       |       |       |       |       |       |       |     1 ||     1
       Summon Forest     |       |       |       |       |       |       |       |       |     1 ||     1
Invok: Call Merchant     |       |       |       |     2 |       |     3 |       |     5 |       ||    10
       Potion Petition   |       |       |       |       |       |     4 |     1 |       |       ||     5
       Shadow Form       |       |       |       |       |       |       |       |       |    17 ||    17
       Shadow Step       |       |       |       |       |       |       |       |       |     8 ||     8
 Abil: Evoke Berserk Rag |       |       |       |       |     1 |       |       |       |       ||     1
       Evoke Blink       |       |       |       |       |       |       |       |     1 |     3 ||     4
Evoke: Rod               |       |       |     2 |     9 |       |     3 |     7 |     8 |    36 ||    65
       Wand              |       |       |       |    12 |    32 |    26 |    16 |    14 |    28 ||   128
       Lamp of fire      |       |       |       |       |       |     2 |     7 |     2 |       ||    11
       Fan of gales      |       |       |       |       |       |       |     4 |     3 |     8 ||    15
       Phial of floods   |       |       |       |       |       |       |       |     3 |    11 ||    14
       Sack of spiders   |       |       |       |       |       |       |       |       |     1 ||     1
       Sceptre of Asmode |       |       |       |       |       |       |       |       |    17 ||    17
       Disc of storms    |       |       |       |       |       |       |       |       |    15 ||    15
       Horn of Geryon    |       |       |       |       |       |       |       |       |     4 ||     4
  Use: Scroll            |       |     8 |     6 |    19 |    19 |    17 |    19 |    16 |    58 ||   162
       Potion            |       |     2 |     7 |     8 |     9 |    10 |     9 |    13 |    25 ||    83
 Stab: Sleeping          |     5 |     6 |    14 |    38 |    84 |    45 |    59 |    50 |   287 ||   588
       Distracted        |       |       |     3 |     5 |    31 |    20 |    35 |    15 |   101 ||   210
       Confused          |       |       |     1 |     7 |     6 |       |       |       |     8 ||    22
       Paralysed         |       |       |       |    20 |    11 |     9 |     3 |       |       ||    43
       Invisible         |       |       |       |       |       |       |    13 |       |    50 ||    63
       Petrifying        |       |       |       |       |       |       |       |       |     2 ||     2
       Petrified         |       |       |       |       |       |       |       |       |     1 ||     1
  Eat: Chunk             |       |     7 |    13 |       |       |       |       |       |   137 ||   157
       Beef jerky        |       |       |     1 |     5 |     2 |     3 |       |     1 |     4 ||    16
       Pizza             |       |       |     1 |       |       |       |       |       |     3 ||     4
       Meat ration       |       |       |       |     5 |     4 |     5 |     1 |     2 |    13 ||    30
       Royal jelly       |       |       |       |     2 |     6 |     5 |     8 |     1 |     2 ||    24
       Bread ration      |       |       |       |       |     1 |       |     4 |     5 |    17 ||    27
       Fruit             |       |       |       |       |     2 |     1 |     1 |       |       ||     4
